 Dungeon Crawl Stone Soup version 0.30.0-2-g1aa4bd4387 (webtiles) character file.

Game seed: 15047877306606174599

885 DeathFiend the Cleaver (level 7, 0/60 HPs)
             Began as a Minotaur Fighter on May 7, 2023.
             Slain by an ogre
             ... wielding a +0 giant club
              (22 damage)
             ... on level 5 of the Dungeon.
             The game lasted 00:04:55 (4200 turns).

DeathFiend the Cleaver (Minotaur Fighter)           Turns: 4200, Time: 00:04:56

Health: 0/60       AC:  9    Str: 22    XL:     7   Next: 76%
Magic:  6/6        EV:  9    Int:  5    God:
Gold:   262        SH:  4    Dex: 10    Spells: 6/6 levels left

rFire   . . .        a - +0 war axe
rCold   . . .        c - +0 buckler
rNeg    . . .        b - +0 scale mail
rPois   .            (helmet restricted)
rElec   .            (no cloak)
rCorr   .            u - +0 pair of gloves
SInv    .            j - +0 pair of boots
Will    .....        (no amulet) Stlth
                     (no ring)
HPRegen 0.30/turn    (no ring)
MPRegen 0.10/turn

%: no passive effects
@: no status effects
A: horns 2, retaliatory headbutt
a: no special abilities


You were on level 5 of the Dungeon.
You visited 1 branch of the dungeon, and saw 5 of its levels.

You collected 262 gold pieces.

Inventory:

Hand Weapons
 a - a +0 war axe (weapon)
Armour
 b - a +0 scale mail (worn)
 c - a +0 buckler (worn)
 j - a +0 pair of boots (worn)
 u - a +0 pair of gloves (worn)
Jewellery
 o - a ring of positive energy
Scrolls
 e - a scroll of enchant weapon {unknown}
 g - 2 scrolls of teleportation
 k - a scroll of torment {unknown}
 n - a scroll of magic mapping {unknown}
 p - a scroll of poison {unknown}
 r - a scroll of immolation {unknown}
 s - a scroll of summoning {unknown}
Potions
 d - 2 potions of magic {unknown}
 f - 2 potions of attraction {unknown}
 h - a potion of haste {unknown}
 l - a potion of resistance {unknown}
 m - 4 potions of heal wounds
 q - 3 potions of mutation
 t - a potion of lignification {unknown}
 v - a potion of curing


   Skills:
 * Level 4.3 Fighting
 + Level 10.1 Axes
 * Level 4.2 Armour
 * Level 4.3 Shields


You had 6 spell levels left.
You didn't know any spells.
Your spell library contained the following spells:

 Spells                   Type           Power      Damage    Failure   Level
 Call Canine Familiar     Summ           0%         N/A       99%         3
 Portal Projectile        Hex/Tloc       0%         N/A       99%         3
 Leda's Liquefaction      Hex/Erth       0%         N/A       100%        4


Dungeon Overview and Level Annotations

Branches:
Dungeon (5/15)
 Temple: D:4-7

Altars:
Fedhas
Kikubaaqudgha
Zin

Portals:
Abyss: D:4

Annotations:
D:4 2 transporters, Lymetel's ghost, amateur FoFi


Innate Abilities, Weirdness & Mutations

You have a pair of horns on your head.
You reflexively headbutt those who attack you in melee.


Message History

You block the white imp's attack.
You barely miss the white imp.
The white imp is moderately wounded.
The white imp gestures at you. The puff of frost hits you.
You hit the white imp but do no damage.
The white imp is moderately wounded.
The white imp barely misses you. You furiously retaliate!
You headbutt the white imp!
You kill the white imp!
No target in view!
No target in view!
No target in view!
No target in view!
No target in view!
No target in view!
No target in view!
No target in view!
No target in view!
Found 2 stones.
An ogre comes into view. It is wielding a +0 giant club.
The ogre shouts!
An ogre is nearby!
An ogre is nearby!
Found a scale mail.
Found an escape hatch in the ceiling.
The ogre hits you with a +0 giant club!
You hit the ogre.
The ogre is moderately wounded.
The ogre barely misses you. You furiously retaliate!
You headbutt the ogre. You slash the ogre! Your headbutt misses the ogre.
The ogre is severely wounded.
The ogre hits you with a +0 giant club!!
You are too injured to fight recklessly!
You are too injured to fight recklessly!
You closely miss the ogre.
The ogre is severely wounded.
You hit the ogre.
The ogre is almost dead.
The ogre hits you with a +0 giant club!!
You die...

#....>......# #..........##
#...........########.######
#..........#......##.......
#..........#......#########
#..........#......# #
#####...####......# #
#.#..###......#
#.##...#......#
#.....@.........
#######O...(..## ......<
..?.... ......# ......#
....... .....[.


You could see an ogre.

Vanquished Creatures
  Sigmund (D:2)
  A phantom (D:5)
  Blork the orc (D:4)
  A scorpion (D:5)
  2 jellies
  3 hounds
  Natasha (thrice) (D:4)
  An iguana (D:3)
  2 orc wizards
  Robin (D:2)
  3 gnolls (D:4)
  5 adders
  2 white imps (D:5)
  3 worms
  5 dart slugs
  12 orcs
  6 endoplasms
  5 giant cockroaches
  11 hobgoblins
  7 jackals
  6 kobolds
  3 quokkas
  5 ball pythons
  5 bats
  A frilled lizard (D:2)
  10 goblins
  5 rats
110 creatures vanquished.

Notes
Turn   | Place    | Note
-------+----------+-------------------------------------------
     0 | D:1      | DeathFiend the Minotaur Fighter began the quest for the
                  | Orb.
     0 | D:1      | Reached XP level 1. HP: 19/19 MP: 0/0
    43 | D:1      | Reached skill level 3 in Axes
    70 | D:1      | Reached XP level 2. HP: 24/26 MP: 1/1
   238 | D:1      | Reached skill level 4 in Axes
   438 | D:1      | Reached XP level 3. HP: 31/31 MP: 2/2
   792 | D:1      | Found an ancient bone altar of Kikubaaqudgha.
   942 | D:2      | Noticed Robin
  1078 | D:1      | Reached skill level 5 in Axes
  1099 | D:2      | Killed Robin
  1100 | D:2      | Reached XP level 4. HP: 36/39 MP: 3/3
  1361 | D:2      | Noticed Sigmund
  1374 | D:2      | Killed Sigmund
  1375 | D:2      | Reached skill level 7 in Axes
  1375 | D:2      | Reached XP level 5. HP: 11/45 MP: 4/4
  1927 | D:3      | Reached XP level 6. HP: 49/51 MP: 5/5
  2383 | D:3      | Reached skill level 8 in Axes
  3045 | D:4      | Found a glowing silver altar of Zin.
  3074 | D:4      | Found a blossoming altar of Fedhas.
  3119 | D:4      | Reached skill level 9 in Axes
  3192 | D:4      | Found a one-way gate to the infinite horrors of the Abyss.
  3192 | D:4      | Noticed Lymetel's ghost (amateur FoFi)
  3199 | D:4      | Found a transporter.
  3204 | D:4      | Noticed a small abomination
  3216 | D:4      | Noticed a small abomination
  3241 | D:4      | Noticed Natasha
  3245 | D:4      | Killed Natasha
  3246 | D:4      | Reached XP level 7. HP: 54/57 MP: 6/6
  3260 | D:4      | Noticed Natasha
  3265 | D:4      | Killed Natasha
  3308 | D:4      | Found a transporter.
  3309 | D:4      | Noticed Blork the orc
  3316 | D:4      | Killed Blork the orc
  3628 | D:4      | Noticed Natasha
  3644 | D:4      | Killed Natasha
  3645 | D:4      | Reached skill level 10 in Axes
  3798 | D:5      | Entered Level 5 of the Dungeon
  4200 | D:5      | Slain by an ogre

Illustrated notes

Levels and vault maps discovered:
D:1:      dpeg_arrival_water_altar, layout_loops_ring
D:2:      layout_basic, uniq_sigmund, uniq_robin
D:3:      layout_basic, kennysheep_generic_room_16
D:4:      layout_cave_pools, mainiacjoe_overflow_two_lobes,
          gammafunk_ghost_abyssal_escape, uniq_natasha, uniq_blork_the_orc
D:5:      layout_basic, nicolae_wu_jian_immortal_techniques, uniq_prince_ribbit1

Skill      XL: |  1  2  3  4  5  6  7 |
---------------+----------------------+-----
Axes           | 3 4 5 7 9 10 | 10.1
Fighting       | 4 |  4.3
Armour         | 4 |  4.2
Shields        | 4 |  4.3

Action                     |  1- 3 |  4- 6 |  7- 9 || total
---------------------------+-------+-------+-------++-------
  Melee: War axe           |    77 |   117 |    61 ||   255
         Headbutt          |    18 |    17 |     8 ||    43
    Use: Potion            |       |     1 |       ||     1
         Scroll            |       |       |     3 ||     3
 Armour: Scale mail        |    36 |    43 |    32 ||   111
  Dodge: Dodged            |    32 |    47 |    29 ||   108
  Block: Buckler           |    20 |    16 |     8 ||    44
